AoeStats
← La Cobra

Black Forest

509191605Analyzed
2v2 RM · 6d ago on Sep 25, 2026· 49m 42s· 4 players
Game mode
Random Map
Map size
Medium (4 player)
Population
200
Speed
Normal
Resources
Standard
Victory
Conquest
Starting age
Dark Age
Ending age
Imperial Age
RankedLock teamsTeams togetherTeam positionsShared explorationLock speedFull tech treeHidden civsTurbo modeCheats
Victory
Defeat
🇨🇱 Italians · Chile
1142
+14
🇪🇸 Lithuanians · Spain
1115
+15
🇩🇪 Danes · Germany
1097
-15
🇩🇪 Saxons · Germany
1096
-14
Vice
8:58 Feudal Age
7:14 Loom
9:56 Man-at-Arms
18:53 Castle Age
17:39 Fletching
17:43 Double-Bit Axe
18:24 Horse Collar
19:01 Stone Mining
22:03 Wheelbarrow
24:38 Hand Cart
24:52 Forging
30:34 Imperial Age
29:30 Iron Casting
28:44 Gambesons
29:17 Heavy Plow
31:07 Bodkin Arrow
31:16 Padded Archer Armor
33:11 Scale Mail Armor
33:28 Thumb Ring
33:27 Elite Skirmisher
34:42 Bracer
34:58 Chain Mail Armor
35:05 Ballistics
35:33 Guard Tower
36:16 Squires
36:41 Conscription
36:31 Elite Varangian Guard
39:39 Chemistry
39:15 Keep
38:54 Bow Saw
40:19 Onager
40:33 Cranequins
41:11 Arrowslits
41:37 Gold Mining
42:53 Crop Rotation
44:45 Keep
44:40 Heavy Mounted Crossbowman
49:14 Leather Archer Armor
49:29 Plate Mail Armor
49:05 Scale Barding Armor
49:02 Murder Holes
48:59 Heated Shot
ThatBoii
11:07 Feudal Age
11:19 Loom
13:58 Double-Bit Axe
15:48 Fletching
18:27 Castle Age
16:41 Horse Collar
21:05 Stone Mining
26:10 Wheelbarrow
32:33 Imperial Age
32:22 Squires
32:07 Gambesons
32:06 Hamask
34:17 Scale Mail Armor
34:27 Forging
35:32 Onager
37:06 Iron Casting
36:48 Chain Mail Armor
36:29 Elite Skirmisher
38:09 Plate Mail Armor
38:39 Elite Jomsviking
40:53 Siege Onager
42:29 Bodkin Arrow
42:34 Padded Archer Armor
43:43 Blast Furnace
43:07 Hand Cart
43:38 Conscription
46:35 Pikeman
47:02 Gambesons
47:28 Bracer
47:20 Halberdier
48:21 Bloodlines
48:12 Husbandry
48:11 Light Cavalry
49:38 Ballistics
La Cobra
0:42 Loom
11:16 Feudal Age
18:17 Castle Age
16:10 Stone Mining
16:12 Double-Bit Axe
16:50 Gold Mining
17:54 Horse Collar
26:46 Imperial Age
24:55 Heavy Plow
25:56 Wheelbarrow
26:54 Bow Saw
28:28 Chemistry
27:54 Conscription
29:14 Pirotechnia
31:37 Hand Cart
34:46 Scale Barding Armor
34:52 Forging
35:15 Light Cavalry
36:08 Bloodlines
36:47 Chain Barding Armor
37:02 Iron Casting
37:27 Husbandry
39:55 Blast Furnace
41:03 Plate Barding Armor
42:05 Hussar
OBrien11
0:32 Loom
16:21 Feudal Age
16:54 Double-Bit Axe
18:05 Wheelbarrow
24:05 Castle Age
23:14 Stone Mining
23:22 Gold Mining
23:42 Scale Barding Armor
24:12 Bloodlines
23:47 Horse Collar
24:45 Forging
25:28 Bow Saw
26:18 Fortified Wall
26:25 Heavy Plow
28:11 Husbandry
33:09 Imperial Age
31:22 Hand Cart
32:23 Iron Casting
33:21 Chain Barding Armor
32:53 Fletching
33:47 Masonry
35:24 Ballistics
36:02 Plate Barding Armor
35:30 Bodkin Arrow
37:20 Chemistry
36:05 Onager
37:36 Conscription
38:18 Elite Leitis
41:02 Caravan
42:56 Bracer
43:41 Murder Holes
Connection lost

Rejoining the realm…

Still unreachable

The connection could not be restored.

Session expired

The server has moved on; the page needs a fresh start.